 Dungeon Crawl Stone Soup version 0.31.0-11-ge490571c62 (webtiles) character file.

Game seed: 117503612750789287

233 Xavori the Slasher (level 6, -4/46 HPs)
             Began as a Djinni Chaos Knight on Feb 2, 2024.
             Was a Plaything of Xom.
             Killed from afar by a white imp (16 damage)
             ... with a puff of frost
             ... on level 4 of the Dungeon on Feb 7, 2024.
             The game lasted 00:02:25 (11119 turns).

Xavori the Slasher (Djinni Chaos Knight)           Turns: 11119, Time: 00:02:26

Health: -4/46      AC:  6    Str: 11    XL:     6   Next: 25%
Gold:   151        EV: 12    Int: 14    God:    Xom [*.....] SH:  0 Dex: 14

rFire   + + +        a - +0 falchion (chaos)
rCold   x . .        (no shield)
rNeg    . . .        b - +2 leather armour
rPois   ∞            (helmet restricted)
rElec   .            (no cloak)
rCorr   .            f - +0 pair of gloves
SInv    .            (boots unavailable)
Will    +....        (no amulet)
Stlth   +            h - ring of wizardry
HPRegen 0.27/turn    (no ring)
MPRegen 0.00/turn

%: wizardry (x1), infuse magic (-5 HP)
@: enlightened, flying
A: sickness immunity, fire resistance 3, cold vulnerability 1, float, innate
caster, HP casting, extra vitality 1, horns 1, iridescent scales 1, deformed
body, subdued magic 1
a: Renounce Religion


You were on level 4 of the Dungeon.
You worshipped Xom.
You were a special plaything of Xom.
You visited 1 branch of the dungeon, and saw 4 of its levels.

You collected 151 gold pieces.

Inventory:

Hand Weapons
 a - a +0 falchion of chaos (weapon)
Missiles
 p - 2 throwing nets (quivered)
Armour
 b - a +2 leather armour (worn)
 f - a +0 pair of gloves (worn)
Jewellery
 h - a ring of wizardry (left hand)
Scrolls
 c - a scroll of butterflies
 i - a scroll of immolation {unknown}
 q - a scroll of teleportation {unknown}
Potions
 d - 2 potions of magic {unknown}
 e - 2 potions of brilliance {unknown}
 g - a potion of attraction {unknown}
 j - 2 potions of enlightenment
 k - 2 potions of mutation
 l - 2 potions of haste {unknown}
 m - a potion of curing {unknown}
 n - a potion of degeneration {unknown}
 o - 2 potions of heal wounds {unknown}


   Skills:
 + Level 3.6 Fighting
 + Level 4.0 Long Blades
 + Level 2.7 Armour
 + Level 3.1 Dodging
 * Level 1.2 Spellcasting
 * Level 1.2 Conjurations
 * Level 1.2 Hexes
 * Level 1.2 Summonings
 * Level 1.2 Necromancy
 * Level 1.2 Translocations
 * Level 1.2 Fire Magic
 * Level 1.2 Ice Magic
 * Level 1.2 Air Magic
 * Level 1.2 Earth Magic
 * Level 1.2 Alchemy


You knew the following spells:

 Your Spells              Type           Power      Damage    Failure   Level
a - Shock                 Conj/Air       12%        1d3       7%          1
b - Mercury Vapours       Alch/Air       6%         N/A       11%         2
Your spell library was empty.

Dungeon Overview and Level Annotations

Branches:
Dungeon (4/15)
 Temple: D:4-7

Altars:
Zin

Annotations:
D:4 Grinder


Innate Abilities, Weirdness & Mutations

You are immune to sickness and miasma.
You are immune to poison.
Your flesh is almost immune to the effects of heat. (rF+++)
You are vulnerable to cold. (rC-)
You float through the air rather than walking.
You learn spells naturally, not from books.
Your magical power is your life essence.
You have superior vitality. (+4 MHP)
You have a pair of small horns on your head.
You are partially covered in iridescent scales. (AC +2)
Armour fits poorly on your strangely shaped body.
Your spells are a little easier to cast, but a little less powerful.


Message History

The white imp is lightly wounded.
The white imp closely misses you.
You barely miss the white imp.
The white imp is lightly wounded.
The white imp's magic is no longer disrupted.
You hit Grinder. You punch Grinder.
Grinder is lightly wounded.
You closely miss Grinder. Your headbutt misses Grinder.
Grinder is lightly wounded.
Grinder says, "Are you a fish?" Grinder hits you but does no damage.
The white imp shouts, "Begone, thou pox-marked fly-bitten wagtail!"
You hit Grinder. You burn Grinder. Your headbutt misses Grinder.
Grinder is lightly wounded.
Grinder closely misses you. Grinder gestures at you.
You resist with some effort.
You closely miss Grinder. You headbutt Grinder.
Grinder is moderately wounded.
Grinder hits you.
You writhe in agony.
You hit Grinder.
The acid corrodes Grinder!
You headbutt Grinder.
Grinder is moderately wounded.
Xom's power touches on you for a moment.
Your body is wracked with pain!
Grinder says, "There's only one good use for a tongue: cutting it out."
Grinder hits you.
You writhe in agony.
* * * LOW HITPOINT WARNING * * *
You aren't carrying any items that you can evoke.
It was a potion of enlightenment.
You feel more buoyant. Grinder hits you but does no damage.
It was a potion of mutation.
You feel extremely strange.
You feel your surroundings grow louder.
You feel stupid.
You feel weaker.
You feel a strange attunement to the structure of the dungeons.
You feel slightly disoriented.
Grinder blinks!
The white imp gestures at you. The puff of frost hits you!
You feel a terrible chill!
You die...
Xom chuckles heartily!

...####.###....#..##
..## #.# ##.....## .##
#.# #.....# .#
#.####.....#####
.######.##...<.......(##
...................#...#
....##..##......... .§§#
.##.##..#####..5.# *§≈§#
................@## §§§#
................#.##§≈§#
###<####.#####.###.#§§§#
#........>..## ##5...# *
######.#####[# #.....# ,
#.# #.#.#..#.# #.#
*#.##..# # #.# #.##..#,
#.# #,##..#,*


You could see Grinder (corroded) and a white imp.

Vanquished Creatures
  2 jellies
  A hound (D:4)
  An iguana (D:4)
  3 gnolls (D:3)
  2 adders (D:3)
  2 ribbon worms
  2 dart slugs
  An orc (D:3)
  6 bats
  3 endoplasms
  5 giant cockroaches
  9 goblins
  6 hobgoblins
  3 kobolds (D:3)
  3 quokkas
  3 ball pythons
  A frilled lizard (D:3)
  7 rats
60 creatures vanquished.

Notes
Turn   | Place    | Note
-------+----------+-------------------------------------------
     0 | D:1      | Xavori the Djinni Chaos Knight began the quest for the Orb.
     0 | D:1      | Reached XP level 1. HP: 20/20 MP: 0/0
    21 | D:1      | XOM: potion effect (haste)
   113 | D:1      | Reached XP level 2. HP: 25/25 MP: 0/0
   284 | D:1      | Reached skill level 3 in Long Blades
   329 | D:1      | Reached XP level 3. HP: 30/30 MP: 0/0
   329 | D:1      | Learned a level 1 spell: Shock
   908 | D:1      | XOM is BORED!
  1155 | D:1      | XOM: give mutations
  1155 | D:1      | Gained mutation: You passively dampen the noise of your
                  | surroundings. [Xom's grace]
  1155 | D:1      | Gained mutation: Your flesh is almost immune to the effects
                  | of heat. (rF+++) [Xom's grace]
  1155 | D:1      | Gained mutation: You are strong-willed. (Will+) [Xom's
                  | grace]
  2737 | D:1      | XOM: stat loss: -1 Str (10/11)
  3052 | D:1      | XOM: give mutations
  3052 | D:1      | Lost mutation: You are strong-willed. (Will+) [Xom's
                  | mischief]
  3052 | D:1      | Gained mutation: Armour fits poorly on your strangely
                  | shaped body. [Xom's mischief]
  3052 | D:1      | Gained mutation: You occasionally lose the ability to drink
                  | potions when taking damage. [Xom's mischief]
  4036 | D:1      | XOM: silly message
  4265 | D:1      | XOM is BORED!
  4265 | D:1      | XOM: give mutation
  4265 | D:1      | Gained mutation: You are weak. (Str -2) [Xom's mischief]
  4859 | D:1      | XOM: noise
  5212 | D:1      | XOM: torment (16/30 hp)
  5329 | D:1      | XOM: give mutations
  5329 | D:1      | Gained mutation: You are strong-willed. (Will+) [Xom's
                  | mischief]
  5329 | D:1      | Gained mutation: You possess an exceptional clarity of
                  | mind. [Xom's mischief]
  5861 | D:1      | XOM: give mutations
  5861 | D:1      | Gained mutation: You are partially covered in iridescent
                  | scales. (AC +2) [Xom's mischief]
  5861 | D:1      | Lost mutation: You are weak. (Str -2) [Xom's mischief]
  5861 | D:1      | Lost mutation: You occasionally lose the ability to drink
                  | potions when taking damage. [Xom's mischief]
  6310 | D:1      | XOM: summons 1 hostile demon
  6428 | D:2      | XOM is BORED!
  6921 | D:1      | XOM: noise
  7000 | D:1      | XOM: give mutations
  7000 | D:1      | Gained mutation: You are frail. (-10% HP) [Xom's mischief]
  7000 | D:1      | Lost mutation: You are strong-willed. (Will+) [Xom's
                  | mischief]
  7282 | D:1      | XOM is BORED!
  7282 | D:1      | XOM: give mutations
  7282 | D:1      | Gained mutation: Your muscles are strong. (Str +4, Int/Dex
                  | -1) [Xom's mischief]
  7282 | D:1      | Lost mutation: You possess an exceptional clarity of mind.
                  | [Xom's mischief]
  7802 | D:1      | XOM: cloud trail
  8397 | D:1      | XOM: noise
  8538 | D:1      | XOM is BORED!
  8849 | D:1      | XOM: give mutations
  8849 | D:1      | Gained mutation: You have a pair of small horns on your
                  | head. [Xom's mischief]
  8849 | D:1      | Lost mutation: You are frail. (-10% HP) [Xom's mischief]
  8849 | D:1      | Gained mutation: Your spells are a little easier to cast,
                  | but a little less powerful. [Xom's mischief]
  8849 | D:1      | Gained mutation: Your mind is acute. (Int +4, Str/Dex -1)
                  | [Xom's mischief]
  9255 | D:1      | XOM: summons 1 hostile demon
  9407 | D:2      | Identified the +10 sling of Cocytus {flame, Str+2}
  9531 | D:2      | XOM: god gift: Xom's Elucidation of the Cobbler {god gift}
  9571 | D:2      | XOM: 6-stop teleportation journey
  9638 | D:2      | Found a glowing silver altar of Zin.
  9770 | D:2      | XOM: confusion
  9904 | D:3      | Found a faded altar of an unknown god.
  9913 | D:3      | Reached XP level 4. HP: 31/35 MP: 0/0
 10009 | D:3      | XOM: noise
 10167 | D:3      | Reached XP level 5. HP: 26/40 MP: 0/0
 10167 | D:3      | Learned a level 2 spell: Mercury Vapours
 10533 | D:3      | Reached skill level 1 in Spellcasting
 10533 | D:3      | Reached skill level 1 in Conjurations
 10533 | D:3      | Reached skill level 1 in Hexes
 10533 | D:3      | Reached skill level 1 in Summonings
 10533 | D:3      | Reached skill level 1 in Necromancy
 10533 | D:3      | Reached skill level 1 in Translocations
 10533 | D:3      | Reached skill level 1 in Fire Magic
 10533 | D:3      | Reached skill level 1 in Ice Magic
 10533 | D:3      | Reached skill level 1 in Air Magic
 10533 | D:3      | Reached skill level 1 in Earth Magic
 10533 | D:3      | Reached skill level 1 in Alchemy
 11000 | D:4      | Reached XP level 6. HP: 40/46 MP: 0/0
 11028 | D:4      | Reached skill level 4 in Long Blades
 11093 | D:4      | Noticed Grinder
 11116 | D:4      | XOM: torment (18/46 hp)
 11118 | D:4      | Lost mutation: You passively dampen the noise of your
                  | surroundings. [potion of mutation]
 11118 | D:4      | Lost mutation: Your mind is acute. (Int +4, Str/Dex -1)
                  | [potion of mutation]
 11118 | D:4      | Lost mutation: Your muscles are strong. (Str +4, Int/Dex
                  | -1) [potion of mutation]
 11118 | D:4      | Gained mutation: You passively map a small area around you.
                  | [potion of mutation]
 11118 | D:4      | Lost mutation: You passively map a small area around you.
                  | [potion of mutation]
 11119 | D:4      | Killed from afar by a white imp

Illustrated notes

Levels and vault maps discovered:
D:1:      kennysheep_arrival_forest, layout_basic
D:2:      wander_river, layout_basic, basic_altar
D:3:      layout_loops_ring, ebering_ecumenical_altar_petrified
D:4:      minmay_recursive_quarters, layout_loops_ring,
          mainiacjoe_overflow_boulevard, kennysheep_small_square, uniq_grinder

Skill      XL: |  1  2  3  4  5  6 |
---------------+-------------------+-----
Long Blades    | 3 4 |  4.0
Armour         | 2 |  2.7
Spellcasting   | 1 |  1.2
Conjurations   | 1 |  1.2
Hexes          | 1 |  1.2
Summonings     | 1 |  1.2
Necromancy     | 1 |  1.2
Translocations | 1 |  1.2
Fire Magic     | 1 |  1.2
Ice Magic      | 1 |  1.2
Air Magic      | 1 |  1.2
Earth Magic    | 1 |  1.2
Alchemy        | 1 |  1.2
Dodging        | 3 |  3.1
Fighting       | |  3.6

Action                     |  1- 3 |  4- 6 || total
---------------------------+-------+-------++-------
  Melee: Falchion          |    98 |    94 ||   192
         Headbutt          |     1 |    18 ||    19
         Punch             |       |     1 ||     1
    Use: Potion            |       |     2 ||     2
 Armour: Leather armour    |    69 |    54 ||   123
  Dodge: Dodged            |    66 |    51 ||   117
